 Dungeon Crawl Stone Soup version 0.31-a0-965-g8a8ce12e04 (webtiles) character file.

Game seed: 329908595265175652

633 croobank the Trooper (level 7, -4/49 (63) HPs)
             Began as a Purple Draconian Monk on Oct 26, 2023.
             Slain by Edmund
             ... wielding a +4 dire flail of draining
              (9 damage)
             ... on level 4 of the Dungeon.
             The game lasted 00:11:15 (3412 turns).

croobank the Trooper (Purple Draconian Monk)        Turns: 3412, Time: 00:11:15

HP:   -4/49 (63)    AC:  8    Str: 14    XL:     7   Next: 24%
MP:   7/7           EV: 13    Int: 18    God:
Gold: 196           SH:  0    Dex: 11    Spells: 6/6 levels left

rFire   . . .        o - +6 dagger of Greatest Utility {freeze, rCorr Int+6 Dex-2}
rCold   . . .        c - orb {light}
rNeg    . . .        (body armour unavailable)
rPois   .            (helmet restricted)
rElec   .            (no cloak)
rCorr   +            r - +1 pair of gloves
SInv    .            (no boots)
Will    +....        (no amulet)
Stlth   +            i - ring of flight
HPRegen 0.28/turn    j - ring of wizardry
MPRegen 0.10/turn

%: wizardry (x1)
@: short of breath, flying, slowed, glowing, heavily drained, very slow
A: breathe power, AC +6, unfitting armour, cold-blooded
a: Breathe Dispelling Energy


You were on level 4 of the Dungeon.
You visited 1 branch of the dungeon, and saw 4 of its levels.

You collected 196 gold pieces.

Inventory:

Hand Weapons
 a - a +0 short sword
 h - a +0 heavy falchion
 n - a +2 hand axe of flaming
 o - the +6 dagger of Greatest Utility (weapon) {freeze, rCorr Int+6 Dex-2}
   (You found it on level 2 of the Dungeon)

   Int+6:     It affects your intelligence (+6).
   Dex-2:     It affects your dexterity (-2).
   rCorr:     It protects you from acid and corrosion.
Missiles
 q - 4 boomerangs
Armour
 c - an orb of light (worn)
 r - a +1 pair of gloves (worn)
Jewellery
 e - a ring of ice
 i - a ring of flight (left hand)
 j - a ring of wizardry (right hand)
Potions
 b - a potion of cancellation
 d - 2 potions of brilliance
 f - a potion of attraction
 g - a potion of invisibility (quivered)
 k - a potion of berserk rage {unknown}
 l - a potion of degeneration {unknown}
 m - a potion of might {unknown}
 p - 4 potions of enlightenment {unknown}
 s - a potion of heal wounds {unknown}
 w - a potion of resistance {unknown}


   Skills:
 + Level 6.0 Fighting
 + Level 5.3 Short Blades
 + Level 4.9 Dodging


You had 6 spell levels left.
You didn't know any spells.
Your spell library was empty.

Dungeon Overview and Level Annotations

Branches:
Dungeon (4/15)
 Temple: D:4-7

Altars:
Cheibriados
Qazlal
The Shining One

Annotations:
D:4 Edmund


Innate Abilities, Weirdness & Mutations

You can breathe bolts of dispelling energy.
Your rich purple scales are hard. (AC +6)
You cannot fit into any form of body armour.
You are cold-blooded and may be slowed by cold attacks.


Message History

* * * LOW HITPOINT WARNING * * *
As you read the scroll of identify, it crumbles to dust.
b - a potion of cancellation Edmund closely misses you.
The endoplasm closely misses you. Edmund closely misses you.
The endoplasm hits you but does no damage.
As you read the scroll labelled GOZACVAWUF, it crumbles to dust.
It is a scroll of enchant armour.
Your +0 pair of gloves glows green for a moment.
You feel yourself speed up. Edmund closely misses you.
The endoplasm misses you.
Okay, then.
You barely miss Edmund.
Edmund is lightly wounded.
Edmund barely misses you.
The endoplasm hits you but does no damage.
You barely miss Edmund.
Edmund is lightly wounded.
Edmund hits you with a +4 dire flail of draining.
* * * LOW HITPOINT WARNING * * *
You feel drained. The endoplasm misses you.
Okay, then.
You puncture Edmund! You freeze Edmund.
Edmund is moderately wounded.
Edmund closely misses you.
You hit Edmund but do no damage.
Edmund is moderately wounded.
The endoplasm hits you but does no damage.
You hit Edmund but do no damage. You tail-slap Edmund.
Edmund is heavily wounded.
Edmund misses you. The endoplasm freezes you.
You are frozen.
* * * LOW HITPOINT WARNING * * *
You feel yourself slow down.
You hit Edmund but do no damage.
Edmund is heavily wounded.
Edmund hits you with a +4 dire flail of draining!
You die...
Edmund whines, "They better pay attention to me now!"

###..# ####.....###)..##
# ##.# ####.....###....#
.. #.# #................
.h.
#.#####................
....
#.....(....._........<.
.....
####..#...............#
......###
#.................##
#...###.J.###.....#######
###.†..>@@###.....####
#####...###.....####
#.....###.##.###
#...#..##....#
#...#..#####.# #...#...#
#.# #..#..#.# #.#
......#.####.#
...##.##...##.#


You could see Edmund and an endoplasm.

Vanquished Creatures
  Sigmund (D:4)
  A centaur (D:3)
  A bullfrog (D:4)
  2 orc priests (D:3)
  An iron imp (D:4)
  Jessica (D:2)
  An iguana (D:4)
  3 gnolls (D:4)
  7 adders
  A dart slug (D:4)
  9 orcs (D:3)
  7 ball pythons
  5 bats
  6 endoplasms
  4 giant cockroaches
  8 goblins
  6 hobgoblins
  13 jackals
  4 quokkas
  A frilled lizard (D:2)
  5 kobolds
  A rat (D:1)
88 creatures vanquished.

Notes
Turn   | Place    | Note
-------+----------+-------------------------------------------
     0 | D:1      | croobank the Draconian Monk began the quest for the Orb.
     0 | D:1      | Reached XP level 1. HP: 19/19 MP: 1/1
   197 | D:1      | Reached XP level 2. HP: 26/26 MP: 2/2
   924 | D:2      | Reached XP level 3. HP: 29/33 MP: 3/3
  1150 | D:2      | Reached skill level 4 in Fighting
  1378 | D:2      | Noticed Jessica
  1388 | D:2      | Reached XP level 4. HP: 30/40 MP: 4/4
  1398 | D:2      | Killed Jessica
  1766 | D:2      | Identified the +6 dagger of Greatest Utility {freeze, rCorr
                  | Int+6 Dex-2}
  2045 | D:3      | Reached XP level 5. HP: 42/47 MP: 5/5
  2236 | D:3      | Found a faded altar of an unknown god.
  2617 | D:3      | Noticed a centaur
  2626 | D:3      | Killed a centaur
  2627 | D:3      | Reached skill level 5 in Fighting
  2627 | D:3      | Reached XP level 6. HP: 48/56 MP: 6/6
  2791 | D:4      | Noticed Sigmund
  2981 | D:4      | Killed Sigmund
  2982 | D:4      | Reached skill level 5 in Short Blades
  2983 | D:4      | Found a glowing golden altar of the Shining One.
  3105 | D:4      | Found a snail-covered altar of Cheibriados.
  3121 | D:4      | Your scales start taking on a rich purple colour.
  3121 | D:4      | Reached XP level 7. HP: 60/62 MP: 7/7
  3167 | D:4      | Found a stormy altar of Qazlal.
  3177 | D:4      | Reached skill level 6 in Fighting
  3383 | D:4      | Noticed Edmund
  3412 | D:4      | Slain by Edmund

Illustrated notes

Levels and vault maps discovered:
D:1:      saegor_arrival_simple_b, layout_basic
D:2:      layout_loops_cross, hangedman_decor_peaks_small, minmay_unequal,
          uniq_jessica
D:3:      layout_loops_ring, shapermc_ecumenical_altar_ellora
D:4:      layout_rooms, mainiacjoe_overflow_surrounded_room,
          nicolae_qazlal_general_emergency, slow_altar_1, uniq_sigmund,
          uniq_edmund

Skill      XL: |  1  2  3  4  5  6  7 |
---------------+----------------------+-----
Dodging        | 3 4 |  4.9
Fighting       | 4 5 6 |  6.0
Short Blades   | 4 5 |  5.3

Action                     |  1- 3 |  4- 6 |  7- 9 || total
---------------------------+-------+-------+-------++-------
  Melee: Short sword       |   112 |    33 |       ||   145
         Tailslap          |    14 |    21 |     2 ||    37
         Dagger            |       |   110 |    28 ||   138
Ability: Breathe Dispellin |       |       |     2 ||     2
    Use: Scroll            |       |     6 |     2 ||     8
         Potion            |       |     4 |     1 ||     5
 Armour: Skin              |    54 |    52 |    29 ||   135
  Dodge: Dodged            |    84 |    66 |    19 ||   169

Table legend: (Time is in decaauts)
 A = Elapsed time spent in this place.
 B = Non-inter-level travel time spent in this place.
 C = Inter-level travel time spent in this place.
 D = Time resting spent in this place.
 E = Time spent auto-exploring this place.
 F = Levels seen in this place.
 G = Mean time per level.
                   A        B        C        D        E       F      G
               +--------+--------+--------+--------+--------+-----+--------+
         Total |   3358 |   3250 |    108 |    327 |   2245 |   4 |  839.5 |
       Dungeon |   3358 |   3250 |    108 |    327 |   2245 |   4 |  839.5 |
               +--------+--------+--------+--------+--------+-----+--------+

Top non-repeatable levels by time:
     D:2: 1101 daAuts
     D:1: 860 daAuts
     D:3: 850 daAuts
     D:4: 547 daAuts
